 Dungeon Crawl Stone Soup version 0.22.1 (webtiles) character file.

181 JedernureinKreuz the Sneak (level 5, -3/35 HPs)
             Began as a Vampire Conjurer on Sept 18, 2018.
             Slain by Crazy Yiuf
             ... wielding a +2 quarterstaff of chaos
              (10 damage)
             ... on level 2 of the Dungeon.
             The game lasted 00:16:42 (5154 turns).

JedernureinKreuz the Sneak (Vampire Conjurer)       Turns: 5154, Time: 00:16:43

Health: -3/35      AC:  0    Str:  7    XL:     5   Next: 34%
Magic:  1/9        EV: 21    Int: 18    God:
Gold:   159        SH:  0    Dex: 20    Spells: 1/9 levels left

rFire    . . .     SeeInvis +   (weapon currently unavailable)
rCold    + + .     Gourm    .   (shield currently unavailable)
rNeg     + + +     Faith    .   (armour currently unavailable)
rPois    ∞         Spirit   .   (helmet currently unavailable)
rElec    .         Reflect  .   (cloak currently unavailable)
rCorr    .         Harm     .   (gloves currently unavailable)
MR       .....                  (boots currently unavailable)
Stlth    +++++.....             (no amulet)
HPRegen  0.00/turn              (ring currently unavailable)
MPRegen  0.11/turn              (ring currently unavailable)

@: bat-form, flying, bloodless, non-regenerating, slowed, quick
A: tiny, fangs 3, see invisible
a: End Transformation


You were on level 2 of the Dungeon.
You were bloodless.
You were in vampire-bat-form.
You visited 1 branch of the dungeon, and saw 4 of its levels.

You collected 159 gold pieces.

Inventory:

Hand Weapons
 b - a +0 dagger (melded)
 r - a +4 whip
 t - a +0 blowgun
Missiles
 f - 23 bolts
 q - 4 tomahawks (quivered)
 s - 36 poisoned needles
Armour
 a - a +0 robe
 d - a +0 helmet (melded)
 e - a +0 leather armour (melded)
 o - a +0 helmet
Scrolls
 g - a scroll of remove curse {unknown}
 h - 2 scrolls of blinking {unknown}
 j - 2 scrolls of immolation {unknown}
 k - 6 scrolls of identify {unknown}
 p - a scroll of amnesia {unknown}
 v - a scroll of fog {unknown}
 x - a scroll of teleportation {unknown}
Potions
 c - 15 potions of blood
 i - a potion of magic {unknown}
 l - a potion of flight {unknown}
 m - a potion of might {unknown}
 n - a potion of ambrosia {unknown}
 u - 3 potions of curing {unknown}
 w - a potion of lignification {unknown}
 z - 2 potions of brilliance {unknown}


   Skills:
 + Level 1.5 Short Blades
 + Level 1.4 Armour
 + Level 3.2 Dodging
 + Level 4.6 Stealth
 + Level 2.8 Spellcasting
 + Level 3.3 Conjurations


You had one spell level left.
You knew the following spells:

 Your Spells              Type           Power        Failure   Level  Hunger
a - Magic Dart            Conj           ##..         4%          1    None
b - Iskenderun's Mystic   Conj           ##......     38%         4    ####...
c - Dazzling Spray        Conj/Hex       #.....       26%         3    ###....

Your spell library contained the following spells:

 Spells                   Type           Power        Failure   Level  Hunger
 Searing Ray              Conj           ##....       6%          2    ##.....
 Force Lance              Conj/Tloc      #.......     63%         4    ####...
 Fulminant Prism          Conj/Hex       #.........   63%         4    ####...


Dungeon Overview and Level Annotations

Branches:
Dungeon (4/15)
 Temple: D:4-7

Altars:
Ashenzari
Makhleb
Xom

Annotations:
D:2 Crazy Yiuf


Innate Abilities, Weirdness & Mutations

You do not heal naturally.
You are immune to poison.
You have razor-sharp teeth.
You have supernaturally acute eyesight. (SInv)
((You can survive without breathing.))


Message History

Press: ? - help, Shift-Dir - straight line, f/p - Crazy Yiuf
Aim: Crazy Yiuf, wielding a quarterstaff of chaos and wearing an embroidered The magic dart hits Crazy Yiuf.
Crazy Yiuf is moderately wounded.
Crazy Yiuf hits you with a quarterstaff of chaos.
* * * LOW HITPOINT WARNING * * *
You feel yourself slow down.
Crazy Yiuf says, "You toodlewoodle horse!"
Crazy Yiuf whimpers, "Race wrapper spinner!"
Crazy Yiuf hits you with a quarterstaff of chaos.
* * * LOW HITPOINT WARNING * * *
You turn into a vampire bat.
Your +0 dagger melds into your body.
Your +0 helmet melds into your body.
Your +0 leather armour melds into your body.
Crazy Yiuf completely misses you. Crazy Yiuf misses you. Crazy Yiuf misses you.
Crazy Yiuf whimpers, "Ghoul!
Action tea foot."
Crazy Yiuf completely misses you.
Crazy Yiuf hits you with a quarterstaff of chaos!
You die...

#.########.# ##.##
#......).#.# ##.#.##
###########.##.#.#
##.###.## .....## #.##.#.#
#.## ##.# #.....#
#.##.#.######.###.##
#######
#####..........#.##
##.########.## #.# #)# ###
♣♣###b# #.# #)..#♣♣
♣♣...g.### #.#
#...'.♣♣♣♣........# #.#
#...#♣..♣......##.######.#
### ♣♣♣.♣....###........#
♣♣♣♣♣### #..#.....#
#..#.##### #..#.# #..#.#


You could see Crazy Yiuf.

Vanquished Creatures
  An orc priest (D:3)
  An iguana (D:4)
  An adder (D:2)
  2 oozes
  5 worms
  5 dart slugs
  5 leopard geckos
  5 orcs (D:3)
  3 giant cockroaches
  6 goblins
  7 hobgoblins
  2 jackals (D:4)
  8 kobolds
  2 quokkas
  2 ball pythons (D:3)
  6 bats
  5 frilled lizards
  A jackal skeleton (D:4)
  11 rats
78 creatures vanquished.

Notes
Turn   | Place    | Note
-------+----------+-------------------------------------------
     0 | D:1      | JedernureinKreuz the Vampire Conjurer began the quest for
                  | the Orb.
     0 | D:1      | Reached XP level 1. HP: 13/13 MP: 3/3
   141 | D:1      | Reached XP level 2. HP: 15/19 MP: 0/5
   414 | D:1      | Reached XP level 3. HP: 18/24 MP: 1/6
   727 | D:2      | You fall through a shaft for 2 floors!
   948 | D:4      | Reached skill level 1 in Armour
   948 | D:4      | Reached skill level 4 in Stealth
   948 | D:4      | Reached XP level 4. HP: 8/30 MP: 2/7
  1001 | D:4      | Found a shimmering altar of Xom.
  1111 | D:4      | Found a shattered altar of Ashenzari.
  1111 | D:4      | Found a burning altar of Makhleb.
  1696 | D:3      | Learned a level 4 spell: Iskenderun's Mystic Blast
  1700 | D:3      | Learned a level 3 spell: Dazzling Spray
  1776 | D:3      | Reached skill level 1 in Short Blades
  3590 | D:3      | Reached XP level 5. HP: 19/35 MP: 3/9
  5032 | D:2      | Found a runed door.
  5136 | D:2      | Noticed Crazy Yiuf
  5154 | D:2      | Slain by Crazy Yiuf

Skill      XL: |  1  2  3  4 |
---------------+-------------+-----
Conjurations   | 3 |  3.3
Armour         | 1 |  1.4
Stealth        | 4 |  4.6
Dodging        | 3 |  3.2
Short Blades   | 1 |  1.5
Spellcasting   | |  2.8

Action                   |  1- 3 |  4- 6 || total
-------------------------+-------+-------++-------
Melee: Dagger            |   125 |   157 ||   282
       Unarmed           |     2 |       ||     2
       Bite              |     8 |    16 ||    24
 Cast: Magic Dart        |    41 |    92 ||   133
 Abil: Bat Form          |     1 |     2 ||     3
       End Transformatio |     1 |     1 ||     2
  Use: Potion            |       |     4 ||     4
 Stab: Sleeping          |     5 |    12 ||    17
Armor: Leather armour    |    42 |    30 ||    72
Dodge: Dodged            |    80 |   102 ||   182
